 Dungeon Crawl Stone Soup version 0.28-a0-998-gb9e9c7b67e (webtiles) character file.

Game seed: 1398791138087266877

5817 Redcow54321 the Brawler (level 10, -1/88 HPs)
             Began as a Troll Fighter on Dec 5, 2021.
             Slain by an unseen horror (10 damage)
             ... on level 8 of the Dungeon.
             The game lasted 00:12:38 (5924 turns).

Redcow54321 the Brawler (Troll Fighter)             Turns: 5924, Time: 00:12:39

Health: -1/88      AC:  4    Str: 30    XL:     10   Next: 51%
Magic:  9/9        EV: 10    Int: 10    God:
Gold:   507        SH:  0    Dex:  9    Spells: 9/9 levels left

rFire   + . .      SeeInvis .     - Unarmed
rCold   . . .      Faith    .   (no shield)
rNeg    . . .      Spirit   .   a - +0 robe
rPois   .          Reflect  .   (helmet restricted)
rElec   .          Harm     .   (no cloak)
rCorr   .          Rampage  .   (gloves unavailable)
Will    .....                   (boots unavailable)
Stlth   +.........              o - amulet of regeneration
HPRegen 1.84/turn               l - +6 ring of intelligence
MPRegen 0.11/turn               (no ring)

@: mighty
A: large, unfitting armour, claws 3, regeneration 1, shaggy fur 1, tough skin 1,
antennae 1, talons 1, fire resistance 1, subdued magic 1
a: no special abilities


You were on level 8 of the Dungeon.
You visited 1 branch of the dungeon, and saw 8 of its levels.

You collected 507 gold pieces.

Inventory:

Missiles
 q - a throwing net (quivered)
Armour
 a - a +0 robe (worn)
 b - a +0 kite shield
Jewellery
 l - a +6 ring of intelligence (left claw)
 o - an amulet of regeneration (around neck)
 u - a ring of see invisible
 v - a ring of protection from fire
 x - a ring of protection from fire
Wands
 f - a wand of iceblast (4)
 r - a wand of flame (15)
Scrolls
 d - a scroll of summoning
 g - 3 scrolls of teleportation
 h - a scroll of magic mapping {unknown}
 i - a scroll of fog
 p - 3 scrolls of vulnerability
 t - 2 scrolls of fear {unknown}
 w - 2 scrolls of identify
 y - a scroll of acquirement {unknown}
 A - a scroll of noise {unknown}
Potions
 e - a potion of lignification {unknown}
 j - 2 potions of ambrosia
 k - a potion of magic {unknown}
 m - a potion of brilliance {unknown}
 n - 2 potions of heal wounds {unknown}
 s - a potion of berserk rage {unknown}
 z - a potion of curing


   Skills:
 - Level 2.4 Fighting
 - Level 2.4 Dodging
 - Level 2.4 Shields
 * Level 15.6 Unarmed Combat


You had 9 spell levels left.
You didn't know any spells.
Your spell library contained the following spells:

 Spells                   Type           Power      Damage    Failure   Level
 Sandblast                Erth           0%         2d4       32%         1
 Shock                    Conj/Air       0%         1d3       32%         1
 Passwall                 Tmut/Erth      0%         N/A       45%         2
 Stone Arrow              Conj/Erth      0%         3d7       71%         3
 Swiftness                Air            0%         N/A       71%         3
 Airstrike                Air            0%         N/A       98%         4
 Animate Armour           Summ/Erth      0%         N/A       98%         4
 Lehudib's Crystal Spear  Conj/Erth      0%         10d2      100%        8


Dungeon Overview and Level Annotations

Branches:
Dungeon (8/15)             Temple (0/1) D:6
   Lair: D:8-11

Altars:
Kikubaaqudgha
Okawaru
Yredelemnul

Shops:
D:7 =


Innate Abilities, Weirdness & Mutations

You are too large for most types of armour.
You have claws for hands.
Your natural rate of healing is unusually fast.
You are covered in fur. (AC +1)
You have tough skin. (AC +1)
You have a pair of small antennae on your head.
You have sharp toenails.
Your flesh is heat resistant. (rF+)
Your spells are a little easier to cast, but a little less powerful.


Message History

You are too injured to fight recklessly!
You are too injured to fight recklessly!
You are too injured to fight recklessly!
You closely miss the killer bee. The killer bee closely misses you.
You miss the killer bee. Your kick misses the killer bee.
The killer bee stings you but does no damage.
The killer bee barely misses you.
You completely miss the killer bee.
The killer bee stings you but does no damage.
You miss the killer bee. Your kick misses the killer bee.
The killer bee stings you but does no damage.
You eviscerate the killer bee!!!
You kill the killer bee!
There is an open door here.
A howler monkey comes into view.
The howler monkey howls!
You hear a shout!
The howler monkey hoots and howls with incredible vigour!
You hear a shout! x2
A centaur warrior and a cyclops come into view.
Something hits you but does no damage.
Deactivating autopickup; reactivate with Ctrl-A.
The howler monkey hits you but does no damage.
There is an open door here.
You closely miss the howler monkey. You claw the howler monkey!
The howler monkey is severely wounded.
Something hits you. The howler monkey hits you.
You eviscerate the howler monkey!!!
You kill the howler monkey!
Something hits you but does no damage.
The centaur warrior unwields a +0 mace.
The centaur warrior wields a +0 shortbow.
The centaur warrior shoots an arrow.
The arrow hits you!!
You claw something! You claw something. Something hits you.
The centaur warrior drinks a potion.
The centaur warrior seems to speed up.
Something hits you.
The centaur warrior shoots an arrow.
The arrow hits you!!
The centaur warrior shoots an arrow.
The arrow closely misses you.
The cyclops throws a large rock.
The large rock barely misses you. Something hits you.
The centaur warrior shoots an arrow.
The arrow hits you!!
* * * LOW HITPOINT WARNING * * *
Something hits you!
You die...

#.## #....###.# ##.# #...#.. #.#
####.....# #.# #...#.. #.####
####+#### ####.#####..#..
#.#.#.###.......###.#...#.##..#..
.#.#.#.#..#####..#...#.#...#..#..
.#.#†#.#.## ##.##c#.#.#.##..#..
.#.#.##.# #.#.#..C..#.#(.#..
#.#.#.#'.# #{'†.#.#.#..+ #..
.#.#.#.#.# #@#.#.....#.# #..
.#.#.#.#.# #.##.#.#.#.## #..
#.#.#.##.. ..#...#.#...# ##.
#.#.#. ##.. ..###.#...#.## #.
##.### ###+#########.#### #+ #[
........# #)# #. #. #......# ##.#
#.#.##....# ##..#
###..#..###.###..##


You could see a centaur warrior (fast) and a cyclops.

Vanquished Creatures
  A two-headed ogre (D:8)
  Pikel (D:6)
  An ugly thing (D:8)
  A hornet (D:7)
  A wraith (D:6)
  A wyvern (D:8)
  A yak (D:6)
  A steam dragon (D:8)
  An acid dragon (D:8)
  A water moccasin (D:7)
  2 black bears (D:6)
  3 ice beasts (D:6)
  4 orc warriors
  A sky beast (D:6)
  2 ogres
  A centaur (D:8)
  2 lemures (D:6)
  2 bullfrogs (D:8)
  3 scorpions
  A water moccasin zombie (D:6)
  5 wights (D:8)
  7 killer bees (D:8)
  6 howler monkeys
  2 centaur zombies (D:8)
  4 bullfrog zombies
  3 hounds
  2 jellies (D:6)
  3 orc priests
  A gnoll shaman (D:7)
  Crazy Yiuf (D:6)
  A centaur skeleton (D:6)
  5 iguanas
  Ijyb (D:5)
  6 orc wizards
  2 killer bee zombies
  2 howler monkey zombies (D:6)
  5 gnolls
  9 adders
  A howler monkey skeleton (D:5)
  2 shadow imps (D:7)
  2 white imps
  An ufetubus (D:4)
  A worm (D:4)
  19 orcs
  4 endoplasms
  4 giant cockroaches
  5 goblins
  5 hobgoblins
  2 jackals (D:1)
  7 kobolds
  6 quokkas
  4 ball pythons
  5 bats
  A frilled lizard (D:1)
  8 rats
173 creatures vanquished.

Vanquished Creatures (others)
  An orc (D:8)
  3 fungi (D:6)
  2 plants (D:1)
  3 withered plants (D:1)
9 creatures vanquished.

Grand Total: 182 creatures vanquished

Notes
Turn   | Place    | Note
-------+----------+-------------------------------------------
     0 | D:1      | Redcow54321 the Troll Fighter began the quest for the Orb.
     0 | D:1      | Reached XP level 1. HP: 22/22 MP: 0/0
    95 | D:1      | Reached XP level 2. HP: 29/29 MP: 1/1
   128 | D:1      | Reached skill level 3 in Unarmed Combat
   371 | D:1      | Found a faded altar of an unknown god.
   646 | D:1      | Reached XP level 3. HP: 17/36 MP: 2/2
   802 | D:2      | Reached skill level 4 in Unarmed Combat
  1096 | D:2      | Reached XP level 4. HP: 38/44 MP: 3/3
  1115 | D:2      | Found an iron altar of Okawaru.
  1644 | D:3      | Reached skill level 5 in Unarmed Combat
  1805 | D:3      | Noticed an ogre
  1811 | D:3      | Killed an ogre
  1812 | D:3      | Reached XP level 5. HP: 33/50 MP: 4/4
  2045 | D:4      | Reached skill level 6 in Unarmed Combat
  2684 | D:4      | Gained mutation: Your flesh is heat resistant. (rF+)
                  | [potion of mutation]
  2684 | D:4      | Gained mutation: Your spells are a little easier to cast,
                  | but a little less powerful. [potion of mutation]
  2684 | D:4      | Gained mutation: You have a pair of small antennae on your
                  | head. [potion of mutation]
  2684 | D:4      | Gained mutation: You have sharp toenails. [potion of
                  | mutation]
  2686 | D:5      | Entered Level 5 of the Dungeon
  2686 | D:5      | Noticed Ijyb
  2705 | D:4      | Reached XP level 6. HP: 22/59 MP: 5/5
  2918 | D:5      | Reached skill level 7 in Unarmed Combat
  2939 | D:5      | Killed Ijyb
  3188 | D:5      | Reached XP level 7. HP: 66/66 MP: 6/6
  3442 | D:6      | Reached skill level 8 in Unarmed Combat
  3468 | D:6      | Found an iron altar of Okawaru.
  3470 | D:6      | Noticed Pikel
  3534 | D:6      | Killed Pikel
  3535 | D:6      | Reached skill level 10 in Unarmed Combat
  3535 | D:6      | Reached XP level 8. HP: 57/74 MP: 7/7
  3997 | D:6      | Found a staircase to the Ecumenical Temple.
  4129 | D:6      | Reached skill level 11 in Unarmed Combat
  4265 | D:6      | Reached skill level 12 in Unarmed Combat
  4265 | D:6      | Reached XP level 9. HP: 51/80 MP: 8/8
  4634 | D:6      | Found a basalt altar of Yredelemnul.
  4728 | D:6      | Found a runed translucent door.
  4729 | D:6      | Noticed Crazy Yiuf
  4735 | D:6      | Killed Crazy Yiuf
  4736 | D:6      | Reached skill level 13 in Unarmed Combat
  5212 | D:7      | Found Diatsicw's Jewellery Shop.
  5378 | D:7      | Found an ancient bone altar of Kikubaaqudgha.
  5487 | D:8      | Reached skill level 14 in Unarmed Combat
  5667 | D:8      | Reached XP level 10. HP: 74/88 MP: 9/9
  5733 | D:8      | Noticed a two-headed ogre
  5744 | D:8      | Killed a two-headed ogre
  5745 | D:8      | Reached skill level 15 in Unarmed Combat
  5859 | D:8      | Noticed a cyan ugly thing
  5865 | D:8      | Killed a cyan ugly thing
  5919 | D:8      | Noticed a centaur warrior
  5919 | D:8      | Noticed a cyclops
  5924 | D:8      | Slain by an unseen horror

Illustrated notes

Levels and vault maps discovered:
D:1:      lightli_arrival_farm, layout_basic,
          shapermc_ecumenical_altar_flowoftime
D:2:      layout_basic, basic_altar
D:3:      layout_basic, minivault_14, nrook_mini_vaults
D:4:      layout_basic
D:5:      layout_cave_pools, abandoned_shop, uniq_ijyb
D:6:      cheibrodos_barr_body, layout_basic, okawaru_trees_2,
          nicolae_yredelemnul_corpse_copse, minmay_temple_entry_glassed_door,
          uniq_pikel, uniq_crazy_yiuf_cottage
D:7:      layout_loops_ring, nicolae_overflow_hidden_temple, serial_shops,
          shop_statue
D:8:      minmay_the_grid_plus_closed [minmay_the_grid_small_cups,
          minmay_the_grid_stretched_grid, minmay_the_grid_diamond_grid,
          minmay_the_grid_expand, minmay_the_grid_prize_inner_circle],
          layout_basic, ebering_ghost_disaster_area

Skill      XL: |  1  2  3  4  5  6  7  8  9 10 |
---------------+-------------------------------+-----
Unarmed Combat | 3 4 5 6 7 10 12 14 15 | 15.6
Fighting       | |  2.4
Dodging        | |  2.4
Shields        | |  2.4

Action                   |  1- 3 |  4- 6 |  7- 9 | 10-12 || total
-------------------------+-------+-------+-------+-------++-------
Melee: Unarmed           |   114 |   106 |   245 |    53 ||   518
       Punch             |     4 |     2 |    23 |     3 ||    32
       Kick              |       |    10 |    74 |    14 ||    98
  Use: Potion            |       |     2 |     3 |     2 ||     7
       Scroll            |       |     4 |     3 |       ||     7
Armor: Robe              |    27 |    24 |    39 |    11 ||   101
Dodge: Dodged            |    43 |    47 |    82 |    15 ||   187

Table legend: (Time is in decaauts)
 A = Elapsed time spent in this place.
 B = Non-inter-level travel time spent in this place.
 C = Inter-level travel time spent in this place.
 D = Time resting spent in this place.
 E = Time spent auto-exploring this place.
 F = Levels seen in this place.
 G = Mean time per level.
                   A        B        C        D        E       F      G
               +--------+--------+--------+--------+--------+-----+--------+
         Total |   5861 |   5603 |    258 |     80 |   4432 |   8 |  732.6 |
       Dungeon |   5861 |   5603 |    258 |     80 |   4432 |   8 |  732.6 |
               +--------+--------+--------+--------+--------+-----+--------+

Top non-repeatable levels by time:
     D:6: 1364 daAuts
     D:4: 911 daAuts
     D:1: 708 daAuts
     D:3: 697 daAuts
     D:7: 676 daAuts
     D:2: 556 daAuts
     D:5: 503 daAuts
     D:8: 442 daAuts
